 Dungeon Crawl Stone Soup version 0.31-a0-692-gf03d1854d5 (webtiles) character file.

Game seed: 5349692181808129998

116 qw the Shooter (level 5, -2/32 HPs)
             Began as a Gargoyle Hunter on Sept 6, 2023.
             Killed from afar by Ijyb (6 damage)
             ... with a puff of flame
             ... on level 4 of the Dungeon.
             The game lasted 00:00:45 (1804 turns).

qw the Shooter (Gargoyle Hunter)                    Turns: 1804, Time: 00:00:45

Health: -2/32      AC: 10    Str: 14    XL:     5   Next: 0%
Magic:  5/5        EV: 10    Int: 10    God:
Gold:   618        SH:  0    Dex: 15    Spells: 4/4 levels left

rFire   . . .        Y - +1 shortbow
rCold   . . .        (shield currently unavailable)
rNeg    + . .        b - +0 ring mail
rPois   inf          (no helmet)
rElec   +            (no cloak)
rCorr   .            d - +0 pair of gloves
SInv    .            (no boots)
Will    .....        m - amulet of regeneration
Stlth   +            (no ring)
HPRegen 1.05/turn    (no ring)
MPRegen 0.09/turn

%: no passive effects
@: no status effects
A: sickness immunity, AC +4, negative energy resistance 1, electricity
resistance, torment resistance 1, petrification resistance
a: no special abilities


You were on level 4 of the Dungeon.
You visited 1 branch of the dungeon, and saw 4 of its levels.

You collected 674 gold pieces.
You spent 56 gold pieces at shops.


Innate Abilities, Weirdness & Mutations

You are immune to sickness and miasma.
Your stone body is resilient. (AC +4)
You are immune to poison.
You resist negative energy. (rN+)
You are resistant to electric shocks. (rElec)
You are resistant to unholy torment.
You are immune to petrification.


   Skills:
 - Level 3.0 Fighting
 - Level 5.8 Ranged Weapons
 + Level 0.3 Armour
 - Level 1.5 Dodging
 - Level 1.1 Stealth


You had 4 spell levels left.
You didn't know any spells.
Your spell library was empty.

Inventory:

Hand Weapons
 Y - a +1 shortbow (weapon)
Armour
 b - a +0 ring mail (worn)
 d - a +0 pair of gloves (worn)
Jewellery
 c - the ring "Hymoesky" {Fly rElec rF- rN+++ rCorr}
   (You acquired it on level 3 of the Dungeon)

   [ring of flight]

   rF-:       It makes you vulnerable to fire.
   rElec:     It insulates you from electricity.
   rN+++:     It renders you almost immune to negative energy.
   Fly:       It grants you flight.
   rCorr:     It protects you from acid and corrosion.
 m - an amulet of regeneration (around neck)
Scrolls
 f - a scroll of identify
Potions
 a - a potion of resistance
 g - a potion of attraction {unknown}
 h - a potion of cancellation {unknown}
 j - a potion of curing {unknown}
 l - a potion of mutation {unknown}
 n - a potion of berserk rage {unknown}

Dungeon Overview and Level Annotations

Branches:
Dungeon (4/15)
 Temple: D:4-7

Altars:
Dithmenos

Shops:
D:2 ?

Annotations:
D:4 Ijyb


Message History

You shoot an arrow. The arrow hits Ijyb.
Ijyb is heavily wounded.
Ijyb zaps a wand.
The puff of flame hits you but does no damage.
Ijyb hits you with a +4 dagger.
You shoot an arrow. The arrow hits Ijyb but does no damage.
Ijyb is heavily wounded.
Ijyb misses you.
You shoot an arrow. The arrow hits Ijyb but does no damage.
Ijyb is heavily wounded.
Ijyb hits you but does no damage.
You shoot an arrow. The arrow hits Ijyb but does no damage.
Ijyb is heavily wounded.
Ijyb closely misses you.
You shoot an arrow. The arrow hits Ijyb.
Ijyb is severely wounded.
Ijyb zaps a wand.
The puff of flame hits you.
You shoot an arrow. The arrow hits Ijyb but does no damage.
Ijyb is severely wounded.
Ijyb hits you with a +4 dagger.
Ijyb zaps a wand.
The puff of flame misses you.
You shoot an arrow. The arrow hits Ijyb but does no damage.
Ijyb is severely wounded.
Ijyb hits you with a +4 dagger.
You shoot an arrow. The arrow barely misses Ijyb.
Ijyb hits you but does no damage.
You shoot an arrow. The arrow closely misses Ijyb.
Ijyb barely misses you.
You shoot an arrow. The arrow hits Ijyb.
Ijyb is almost dead.
Ijyb hits you but does no damage.
Ijyb zaps a wand.
The puff of flame hits you!
You shoot an arrow. The arrow hits Ijyb but does no damage.
Ijyb is almost dead.
Ijyb hits you with a +4 dagger.
You shoot an arrow. The arrow hits Ijyb but does no damage.
Ijyb is almost dead.
You hear the slow rusting of a drain very nearby.
Ijyb zaps a wand.
The puff of flame hits you!
You shoot an arrow. The arrow barely misses Ijyb.
Ijyb zaps a wand.
The puff of flame hits you.
You die...

....###.####.######'#..#....#
...........###~.%..##......##
....##[.....##~....##....~..#
.. #.......#~....##..~~...#
#.###..##~~~~~##......##
#.#.....+######.......#
#.#.#..## #...#####
#<#.##.#### #...# #......@g.#
#...# ###.#####.# # .. ...
... .. ~


You could see Ijyb.

Vanquished Creatures
  An orc priest (D:3)
  3 adders
  3 dart slugs
  2 orcs (D:3)
  3 bats (D:2)
  3 endoplasms
  2 giant cockroaches
  5 goblins
  5 hobgoblins
  3 jackals (D:2)
  3 kobolds
  2 quokkas
  3 ball pythons
  5 frilled lizards
  9 rats
52 creatures vanquished.

Notes
Turn   | Place    | Note
-------+----------+-------------------------------------------
     0 | D:1      | qw the Gargoyle Hunter began the quest for the Orb.
     0 | D:1      | Reached XP level 1. HP: 12/12 MP: 1/1
     0 | D:1      | 0 ||| qw: Version: 0.3-a-76-g4403597
     0 | D:1      | 0 ||| qw: Game counter: 126
     0 | D:1      | 0 ||| qw: Melee chars always use a shield: true
     0 | D:1      | 0 ||| qw: God list: Okawaru
     0 | D:1      | 0 ||| qw: Allow faded altars: false
     0 | D:1      | 0 ||| qw: Do Orc after clearing Dungeon:15 true
     0 | D:1      | 0 ||| qw: Do second Lair branch before Depths: true
     0 | D:1      | 0 ||| qw: Lair rune preference: random
     0 | D:1      | 0 ||| qw: Goals: Normal
     0 | D:1      | 0 ||| PLANNING D:1-11
    83 | D:1      | Reached XP level 2. HP: 13/17 MP: 2/2
   647 | D:1      | 647 ||| UPGRADING to +0 pair of gloves.
   652 | D:1      | 652 ||| READING scroll labelled ONKAFA KAUXZU.
   653 | D:1      | 653 ||| READING scroll labelled PINNOJ BAONUSH.
   654 | D:1      | 654 ||| DROPPING scroll of butterflies.
   695 | D:2      | Reached XP level 3. HP: 21/21 MP: 3/3
   717 | D:2      | Reached skill level 5 in Ranged Weapons
   773 | D:2      | Found Tateuqil's Magic Scroll Emporium.
   792 | D:2      | 792 ||| SHOPLISTING scroll of brand weapon (133 gold, have
                  | 70).
   792 | D:2      | 792 ||| BUYING scroll of identify (28 gold).
   792 | D:2      | Bought a scroll of identify for 28 gold pieces
   792 | D:2      | 792 ||| BUYING scroll of identify (28 gold).
   792 | D:2      | Bought a scroll of identify for 28 gold pieces
   792 | D:2      | 792 ||| SHOPLISTING scroll of identify (28 gold, have 14).
   792 | D:2      | 792 ||| SHOPLISTING scroll of teleportation (42 gold, have
                  | 14).
   800 | D:2      | Reached skill level 3 in Fighting
   850 | D:2      | Reached XP level 4. HP: 28/28 MP: 4/4
  1082 | D:2      | 1082 ||| DROPPING amulet of magic regeneration.
  1083 | D:2      | 1083 ||| UPGRADING to amulet of regeneration.
  1088 | D:2      | 1088 ||| READING scroll labelled QUXTUI QONE.
  1089 | D:2      | 1089 ||| READING scroll labelled DUP CULOUF.
  1090 | D:2      | 1090 ||| READING scroll labelled BIFOIT YKEA.
  1095 | D:2      | 1095 ||| READING 2 scrolls of identify.
  1095 | D:2      | 1095 ||| IDENTIFYING coppery potion
  1172 | D:3      | Found a shadowy altar of Dithmenos.
  1615 | D:3      | 1615 ||| UPGRADING to +0 ring mail.
  1625 | D:3      | 1625 ||| DROPPING +0 leather armour.
  1626 | D:3      | 1626 ||| READING scroll labelled JYTOYFIU LEFO.
  1627 | D:3      | 1627 ||| READING 2 scrolls labelled SUIDIN FO CUA.
  1627 | D:3      | Identified 2 scrolls of acquirement
  1627 | D:3      | 1627 ||| ACQUIRING 564 gold pieces
  1627 | D:3      | Acquired 564 gold pieces
  1628 | D:3      | 1628 ||| READING scroll of acquirement.
  1628 | D:3      | 1628 ||| ACQUIRING ring "Hymoesky" {Fly rElec rF- rN+++
                  | rCorr}
  1628 | D:3      | Acquired the ring "Hymoesky" {Fly rElec rF- rN+++ rCorr}
  1630 | D:3      | 1630 ||| READING 2 scrolls of identify.
  1630 | D:3      | 1630 ||| IDENTIFYING black potion
  1631 | D:3      | 1631 ||| DROPPING potion of brilliance.
  1659 | D:4      | 1659 ||| PLANNING SEWER
  1669 | D:4      | Reached XP level 5. HP: 32/32 MP: 5/5
  1781 | D:4      | Noticed Ijyb
  1803 | D:4      | HP: 3/32 [Ijyb/puff of flame (11)]
  1804 | D:4      | Killed from afar by Ijyb

Levels and vault maps discovered:
D:1:      psy_arrival_basics, layout_basic, serial_bayou_pond_d
D:2:      layout_basic, serial_shops, nicolae_shop_stone, kennysheep_flooded_box
D:3:      layout_basic, mainiacjoe_overflow_tiny_flanked
D:4:      layout_loops_cross, grunt_qazlal_sundering, minitemple,
          cheibrodos_sewer_entry_sluice, serial_rivers,
          chequers_serial_rivers_micro_c, chequers_serial_rivers_micro_b,
          chequers_serial_rivers_marsh, chequers_serial_rivers_room_a,
          chequers_serial_rivers_micro_c, chequers_serial_rivers_room_a,
          uniq_robin, uniq_ijyb

Skill      XL: |  1  2  3 |
---------------+----------+-----
Ranged Weapons | 5 |  5.8
Fighting       | 3 |  3.0
Armour         | |  0.3
Dodging        | |  1.5
Stealth        | |  1.1

Action                     |  1- 3 |  4- 6 || total
---------------------------+-------+-------++-------
   Fire: Shortbow          |   101 |    59 ||   160
    Use: Scroll            |     2 |     8 ||    10
 Armour: Leather armour    |    21 |     4 ||    25
         Ring mail         |       |    18 ||    18
  Dodge: Dodged            |    26 |    11 ||    37

Table legend:
 A = Non-vault XP
 B = Vault XP
 C = Vault XP percentage of total XP
 D = Non-vault monster count
 E = Vault monster count
 F = Vault count percentage of total count
                 A         B        C        D         E       F
            +---------+---------+-------+---------+---------+-------
      Total |     166 |       0 |   0.0 |      52 |       0 |   0.0
            +---------+---------+-------+---------+---------+-------
        D:1 |      31 |       0 |   0.0 |      18 |       0 |   0.0
        D:2 |      58 |       0 |   0.0 |      21 |       0 |   0.0
        D:3 |      72 |       0 |   0.0 |      10 |       0 |   0.0
        D:4 |       5 |       0 |   0.0 |       3 |       0 |   0.0
            +---------+---------+-------+---------+---------+-------
